cohdb
Replays
Latest Replays
All Replays
Popular Replays
Top Player Replays
Match Explorer
How It Works
Community
CoH3 Stats
Reddit
Sign in to upload your games and track your stats! →
Sign in with Steam
Match 39199472
Unlisted
Match 39199472
Overview
Messages
Build Orders
End
Kettenkrad Recon Vehicle
Construct Infanterie Kompanie
Selects Italian Coastal Battlegroup
Selects Coastal Reserves
Coastal Reserve
Coastal Reserve
Coastal Reserve
Selects Artillery Officer
Artillery Officer
Medical Bunker
Construct Infanterie Kompanie
Construct Panzergrenadier Kompanie
Pak 40 Anti-tank Gun Team
Selects Support Bunkers
Support Elements
Medical Bunker
Nebelwerfer 42 Rocket Launcher Team
Selects Designated Artillery Overwatch
StuG III G Assault Gun
Medical Bunker
StuG III G Assault Gun
Selects Bulwark
Medical Bunker
Pioneer Squad
Infanterie Officer Quarters
Panzergrenadier Squad
Selects Obice da 210/22 Artillery Emplacement
Repair Bunker
Construct Panzer Kompanie
STALKER4732
屑不肉
[PD] squisl
no coffee
Asa
imc下等步枪兵fish
Agent-S
KILL NOOBS
0
0
Comments
sign in to comment!
No comments posted yet!